 Dungeon Crawl Stone Soup version 0.19.5 (webtiles) character file.

52573 Peloso the Peltast (level 14, -4/129 HPs)
             Began as a Minotaur Fighter on May 14, 2017.
             Was the Champion of Okawaru.
             Slain by a death yak (19 damage)
             ... on level 6 of the Lair of Beasts.
             The game lasted 00:56:02 (19054 turns).

Peloso the Peltast (Minotaur Fighter)              Turns: 19054, Time: 00:56:04

Health: -4/129     AC: 26    Str: 32    XL:     14   Next: 27%
Magic:  14/14      EV: 11    Int:  8    God:    Okawaru [******]
Gold:   1261       SH: 10    Dex: 12    Spells: 0 memorised, 13 levels left

rFire  . . .     SeeInvis .     C - +1 scimitar (flame)
rCold  + . .     Gourm    .     I - +1 plate armour
rNeg   + . .     Faith    +     a - +2 buckler {reflect}
rPois  .         Spirit   .     y - +0 hat {Int+3}
rElec  .         Reflect  +     T - +2 cloak of the Abyss {Regen+}
rCorr  .         Harm     .     G - +2 pair of gloves {Str+3}
MR     +....                    b - +1 pair of boots of Ereuwnygh {Str+5}
Stlth  ..........               L - amulet of faith
                                j - ring of positive energy
                                S - ring of protection from cold

@: about to teleport
A: retaliatory headbutt, horns 2
a: Heroism, Finesse, Renounce Religion


You were on level 6 of the Lair of Beasts.
You worshipped Okawaru.
Okawaru was exalted by your worship.
You were hungry.

You visited 2 branches of the dungeon, and saw 19 of its levels.

You collected 1513 gold pieces.
You spent 252 gold pieces at shops.

Inventory:

Hand Weapons
 i - a +3 antimagic demon blade
 C - a +1 scimitar of flaming (weapon)
Armour
 a - a +2 buckler of reflection (worn)
 b - the +1 pair of boots of Ereuwnygh (worn) {Str+5}
   (You acquired it on level 3 of the Lair of Beasts)

   It affects your strength (+5).
 y - a +0 hat of intelligence (worn)
 G - a +2 pair of gloves of strength (worn)
 I - a +1 plate armour (worn)
 J - a +2 cloak
 T - the +2 cloak of the Abyss (worn) {Regen+}
   (Okawaru gifted it to you on level 10 of the Dungeon)

   It increases your rate of regeneration.
Jewellery
 j - a ring of positive energy (right hand)
 q - an uncursed ring of flight
 s - an uncursed amulet of harm
 u - an uncursed ring of wizardry
 z - an uncursed ring of positive energy
 L - an amulet of faith (around neck)
 S - a ring of protection from cold (left hand)
Wands
 x - a wand of iceblast (8/15)
 E - a wand of slowing (16/48)
 U - a wand of heal wounds (8/9)
Scrolls
 c - 3 scrolls of torment {unknown}
 h - 6 scrolls of identify
 p - 5 scrolls of remove curse
 t - 6 scrolls of magic mapping
 A - 2 scrolls of teleportation
 B - a scroll of recharging
 D - a scroll of summoning {unknown}
 F - 5 scrolls of fog
 R - 6 scrolls of fear
 X - a scroll of blinking
Potions
 e - 8 potions of curing
 g - 5 potions of haste
 l - 4 potions of flight
 m - 2 potions of heal wounds
 o - 2 potions of invisibility
 v - a potion of resistance
 H - a potion of agility {unknown}
Comestibles
 d - 11 fruits
 f - 17 bread rations
 k - 5 beef jerkies
 n - 4 royal jellies
 r - 11 meat rations
 w - 9 slices of pizza
 K - 6 chunks of flesh


   Skills:
 + Level 13.3 Fighting
 + Level 15.7 Long Blades
 + Level 12.7 Armour
 + Level 5.2 Dodging
 + Level 2.1 Stealth
 + Level 16.0 Shields
 + Level 1.8 Invocations
 + Level 0.1 Evocations


You had 13 spell levels left.
You didn't know any spells.

Dungeon Overview and Level Annotations

Branches:
Dungeon (13/15)            Temple (0/1) D:4            Lair (6/6) D:8
 Shoals (0/4) Lair:3        Snake (0/4) Lair:4          Orc (0/2) D:12
  Slime: Lair:5-6    Vaults: D:13-14

Altars:
Cheibriados
Gozag
Makhleb
Okawaru
Qazlal
Ru
Sif Muna
Trog
Vehumet

Shops:
D:9 (   D:13 ([*[:

Annotations:
Lair:6 exclusion: oklob plant


Innate Abilities, Weirdness & Mutations

You reflexively headbutt those who attack you in melee.
You have a pair of horns on your head.


Message History

The four-headed hydra bites you.
* * * LOW HITPOINT WARNING * * *
The four-headed hydra bites you but does no damage.
The four-headed hydra bites you.
* * * LOW HITPOINT WARNING * * *
The death yak gores you but does no damage.
You block the blink frog's attack.
You see here 25 arrows.
Unknown command.
The death yak gores you.
* * * LOW HITPOINT WARNING * * *
The blink frog hits you.
* * * LOW HITPOINT WARNING * * *
As you read the scroll of teleportation, it crumbles to dust.
You feel strangely unstable. The blink frog barely misses you.
You furiously retaliate!
You headbutt the blink frog!
You kill the blink frog!
Okawaru accepts your kill. The death yak gores you!!
You die...

..... P...%P%...........<..÷..
#.#. #....%%............##P##
#... ..................#### .
#..###........#...#....##
#.###...P!.†............#...#
#................P......#.#.##
#.......PF.#..#S...........##
...........###.†Y.##..P.#...#
...[..#.....†Y#D@#.####....##
#...P.##.#.....Y## #####..P#
#.....#.....P....# #.###..##
#.........#PPP..## ##...##.##
.#.....#..P.....###.......P#
##.##..#..P...P...PPP...### ##
####...†...P..PPP##.#
#.##..#.##.#P.#####
######.##..####


You could see 2 death yaks, a four-headed hydra and a water moccasin.

Vanquished Creatures
  Snorg (Lair:3)
  A fire dragon (shapeshifter) (D:12)
  The ghost of cba the Protected, a journeyman GrFi of the Shining One (D:12)
  2 centaur warriors (D:13)
  5 hydras
  2 tengu warriors (D:12)
  3 death yaks (Lair:6)
  The ghost of monokles the Nimble, a journeyman SpVM of Sif Muna (Lair:3)
  The ghost of harcile the Zephyrmancer, a novice HEAE of Vehumet (D:9)
  An unseen horror (D:12)
  A glowing orange brain (D:13)
  6 hill giants
  2 centaur zombies
  4 ugly things
  3 manticores
  2 black mambas
  4 elephants (Lair:6)
  9 spiny frogs
  A torpor snail (Lair:2)
  A gargoyle (D:11)
  A kobold demonologist (D:12)
  3 rime drakes
  An efreet (D:13)
  4 demonic crawlers (D:13)
  6 komodo dragons
  A troll (D:10)
  A meliai (shapeshifter) (D:12)
  8 hippogriffs
  2 two-headed ogres
  Prince Ribbit (D:5)
  13 blink frogs
  A centaur simulacrum (D:12)
  6 dream sheep (Lair:5)
  A shadow (D:12)
  A wraith (D:13)
  A wyvern (D:10)
  4 basilisks
  A human (D:7)
  39 yaks
  4 hogs (D:7)
  2 vampire mosquitoes (D:13)
  Menkaure (D:4)
  3 hungry ghosts
  A mottled dragon (D:12)
  3 small abominations (D:13)
  9 water moccasins
  A floating eye (D:13)
  Duvessa (D:5)
  5 sky beasts
  10 porcupines
  2 ice beasts
  5 orc warriors
  3 phantoms
  8 ogres
  2 black bears
  3 wolves (Lair:6)
  2 centaurs
  13 crocodiles
  A big kobold (D:13)
  The ghost of megajambo the Grave Robber, an amateur DENe (D:4)
  20 bullfrogs
  A water moccasin zombie (D:7)
  A wyvern zombie (D:13)
  Dowan (D:5)
  2 scorpions
  A water moccasin skeleton (D:11)
  13 killer bees
  8 wights (D:12)
  9 howler monkeys
  A bullfrog zombie (D:13)
  6 crimson imps
  9 hounds
  5 jellies
  4 centaur skeletons
  11 orc wizards
  4 quasits
  A bullfrog skeleton (D:5)
  10 orc priests
  6 iguanas
  10 worker ants
  A killer bee zombie (D:8)
  A hound skeleton (D:9)
  10 adders
  A shadow imp (D:8)
  4 worms
  2 dart slugs
  3 leopard geckos
  69 orcs
  5 giant cockroaches
  6 goblins
  3 hobgoblins
  17 jackals
  9 kobolds
  4 quokkas
  2 ball pythons
  A ball python skeleton (D:5)
  10 bats
  4 frilled lizards
  A jackal skeleton (D:4)
  A leopard gecko zombie (D:6)
  A quokka skeleton (D:4)
  5 rats
  2 fungi
511 creatures vanquished.

Vanquished Creatures (others)
  A basilisk (Lair:6)
  A centaur (D:9)
  A bullfrog (Lair:2)
  6 fungi (Lair:6)
  12 plants
21 creatures vanquished.

Grand Total: 532 creatures vanquished

Notes
Turn   | Place    | Note
-------+----------+-------------------------------------------
     0 | D:1      | Peloso the Minotaur Fighter began the quest for the Orb.
     0 | D:1      | Reached XP level 1. HP: 19/19 MP: 0/0
   319 | D:1      | Reached XP level 2. HP: 27/27 MP: 1/1
  1019 | D:2      | Reached XP level 3. HP: 33/33 MP: 2/2
  1457 | D:3      | Reached skill level 4 in Shields
  1590 | D:3      | Found a stormy altar of Qazlal.
  1669 | D:3      | Found a deep blue altar of Sif Muna.
  1713 | D:3      | Reached XP level 4. HP: 40/40 MP: 3/3
  1775 | D:3      | Reached skill level 1 in Dodging
  2181 | D:4      | Noticed megajambo's ghost (amateur DENe)
  2195 | D:4      | Killed megajambo's ghost
  2195 | D:4      | Reached XP level 5. HP: 37/46 MP: 4/4
  2237 | D:4      | Reached skill level 5 in Long Blades
  2349 | D:4      | Found a snail-covered altar of Cheibriados.
  2356 | D:4      | Reached XP level 6. HP: 45/53 MP: 5/5
  2372 | D:4      | Reached skill level 1 in Stealth
  2409 | D:4      | Noticed Menkaure
  2414 | D:4      | HP: 2/53 [Menkaure/nerve-wracking pain (4)]
  2416 | D:4      | Killed Menkaure
  2416 | D:4      | Reached skill level 5 in Armour
  2416 | D:4      | Reached skill level 5 in Shields
  2736 | D:4      | Found an iron altar of Okawaru.
  2744 | D:4      | Became a worshipper of Warmaster Okawaru
  2926 | D:4      | Found a staircase to the Ecumenical Temple.
  3170 | D:4      | Reached XP level 7. HP: 32/60 MP: 6/6
  3556 | D:5      | Entered Level 5 of the Dungeon
  3708 | D:5      | Found a radiant altar of Vehumet.
  3745 | D:5      | Reached * piety under Okawaru
  3838 | D:5      | Noticed Prince Ribbit
  3852 | D:5      | Killed Prince Ribbit
  3852 | D:5      | Reached skill level 5 in Fighting
  3925 | D:5      | Reached XP level 8. HP: 36/68 MP: 7/7
  4180 | D:5      | Noticed Dowan
  4181 | D:5      | Noticed Duvessa
  4193 | D:5      | Killed Duvessa
  4213 | D:5      | Killed Dowan
  4457 | D:5      | Reached skill level 6 in Shields
  4683 | D:6      | Found an opulent altar of Gozag.
  4769 | D:6      | Found a burning altar of Makhleb.
  5227 | D:7      | Noticed a hippogriff
  5246 | D:7      | Reached ** piety under Okawaru
  5254 | D:7      | Killed a hippogriff
  5483 | D:7      | Reached XP level 9. HP: 55/75 MP: 8/8
  5512 | D:7      | Reached skill level 7 in Shields
  6268 | D:7      | Reached *** piety under Okawaru
  6370 | D:7      | Got a clouded crystal amulet
  6371 | D:7      | Identified the amulet "Vextyelang" {Reflect rN+ SH+4} (You found it on level 7 of the Dungeon)
  6498 | D:7      | Reached skill level 8 in Shields
  6511 | D:7      | Reached skill level 10 in Long Blades
  6602 | D:7      | Reached **** piety under Okawaru
  6896 | D:8      | Reached XP level 10. HP: 85/86 MP: 9/9
  7007 | D:8      | Found a staircase to the Lair.
  7562 | D:8      | Reached skill level 9 in Shields
  8056 | D:9      | Reached ***** piety under Okawaru
  8057 | D:9      | Noticed harcile's ghost (novice HEAE)
  8071 | D:9      | Killed harcile's ghost
  8071 | D:9      | Reached skill level 10 in Shields
  8097 | D:9      | Found Igesk's Weapon Emporium.
  8189 | D:9      | Found a sacrificial altar of Ru.
  8544 | D:10     | Entered Level 10 of the Dungeon
  8544 | D:10     | Noticed a hill giant
  8667 | D:10     | Killed a hill giant
  8667 | D:10     | Received a gift from Okawaru
  8673 | D:10     | Got a dazzling cloak {god gift}
  8686 | D:10     | Identified the +2 cloak of the Abyss {Regen+} (Okawaru gifted it to you on level 10 of the Dungeon)
  8900 | D:10     | Noticed a hill giant
  8912 | D:10     | Reached skill level 11 in Shields
  8925 | D:10     | Reached XP level 11. HP: 81/95 MP: 10/10
  8956 | D:10     | Killed a hill giant
  9445 | D:11     | Noticed a red ugly thing
  9447 | D:11     | Noticed a hill giant
  9492 | D:11     | Killed a red ugly thing
  9500 | D:11     | Reached skill level 1 in Invocations
  9559 | D:11     | Killed a hill giant
  9724 | D:11     | Reached skill level 12 in Shields
  9843 | D:11     | Found a bloodstained altar of Trog.
  9918 | D:11     | Noticed a five-headed hydra
 10033 | Lair:1   | Entered Level 1 of the Lair of Beasts
 10870 | Lair:1   | Reached skill level 10 in Armour
 11265 | Lair:2   | Reached ****** piety under Okawaru
 11273 | Lair:2   | Reached XP level 12. HP: 77/106 MP: 11/11
 11439 | Lair:2   | Reached skill level 10 in Fighting
 12100 | Lair:3   | Found a staircase to the Shoals.
 12114 | Lair:3   | Received a gift from Okawaru
 12151 | Lair:3   | Noticed Snorg
 12158 | Lair:3   | Reached skill level 13 in Shields
 12175 | Lair:3   | Killed Snorg
 12347 | Lair:3   | Noticed monokles's ghost (journeyman SpVM)
 12727 | Lair:2   | Noticed a six-headed hydra
 12781 | Lair:3   | Identified a scroll of acquirement
 12784 | Lair:3   | Got a pair of distressingly furry boots
 12917 | Lair:1   | Identified the +1 pair of boots of Ereuwnygh {Str+5} (You acquired it on level 3 of the Lair of Beasts)
 13163 | D:11     | Killed a ten-headed hydra
 13315 | D:12     | Found a staircase to the Orcish Mines.
 13333 | D:12     | Found a bloodstained altar of Trog.
 13445 | D:12     | Noticed cba's ghost (journeyman GrFi)
 13468 | D:12     | Killed cba's ghost
 13480 | D:12     | Noticed a four-headed hydra
 13514 | D:12     | Killed a 15-headed hydra
 13665 | D:12     | Identified Eqen's Handbook of Curses
 13859 | D:12     | Received a gift from Okawaru
 13881 | D:12     | Noticed a tengu warrior
 13890 | D:12     | Reached skill level 14 in Shields
 13898 | D:12     | Killed a tengu warrior
 13997 | D:12     | Noticed a fire dragon
 14018 | D:12     | Killed a fire dragon
 14018 | D:12     | Reached XP level 13. HP: 65/116 MP: 1/12
 14209 | D:12     | Received a gift from Okawaru
 14663 | D:13     | Found Lexkeeb's Antique Armour Shop.
 14777 | D:13     | Found Zezxasum's Weapon Shoppe.
 14871 | D:13     | Found Ferem's Book Shop.
 14882 | D:13     | Found Ytynu's Assorted Antiques.
 14902 | D:13     | Found Cehasch's Antique Armour Boutique.
 14912 | D:13     | Bought a pair of glowing gloves for 252 gold pieces
 15131 | D:13     | Reached skill level 15 in Shields
 15156 | D:13     | Identified the Grimoire of Confrontation and Flames
 15665 | D:13     | Reached skill level 15 in Long Blades
 16063 | Lair:2   | Received a gift from Okawaru
 16063 | Lair:2   | Reached skill level 5 in Dodging
 16136 | Lair:3   | Killed monokles's ghost
 17141 | Lair:4   | Found a staircase to the Snake Pit.
 18045 | Lair:5   | Reached XP level 14. HP: 124/127 MP: 14/14
 18652 | Lair:6   | Entered Level 6 of the Lair of Beasts
 18729 | Lair:6   | Received a gift from Okawaru
 19043 | Lair:6   | Reached skill level 16 in Shields
 19054 | Lair:6   | Slain by a death yak

Skill      XL: |  1  2  3  4  5  6  7  8  9 10 11 12 13 14 |
---------------+-------------------------------------------+-----
Armour         | 4 5 6 7 8 9 10 11 12 | 12.7
Fighting       | 4 5 6 7 8 9 11 12 13 | 13.3
Shields        | 4 5 6 8 11 12 14 15 16 | 16.0
Long Blades    | 3 4 5 7 8 10 11 13 14 15 | 15.7
Dodging        | 1 2 3 4 5 |  5.2
Stealth        | 1 2 |  2.1
Invocations    | 1 |  1.8
Evocations     | |  0.1

Action                   |  1- 3 |  4- 6 |  7- 9 | 10-12 | 13-15 || total
-------------------------+-------+-------+-------+-------+-------++-------
Melee: Long sword        |    84 |   110 |   319 |       |       ||   513
       Headbutt          |    13 |    22 |    72 |   253 |   156 ||   516
       Falchion          |       |       |    13 |   771 |       ||   784
       Demon blade       |       |       |       |   293 |   178 ||   471
       Scimitar          |       |       |       |       |   366 ||   366
Invok: Heroism           |       |       |     2 |    11 |     3 ||    16
Evoke: Wand              |       |       |     1 |       |       ||     1
  Use: Potion            |       |     1 |       |     2 |       ||     3
       Scroll            |       |     8 |     2 |    20 |     4 ||    34
  Eat: Chunk             |     3 |     3 |    14 |    23 |    14 ||    57
       Fruit             |       |       |       |     3 |     2 ||     5
Armor: Scale mail        |    50 |    48 |    82 |       |       ||   180
       Plate armour      |       |       |    23 |   371 |   252 ||   646
       Chain mail        |       |       |     6 |       |       ||     6
Dodge: Dodged            |    26 |    36 |    88 |   196 |   157 ||   503
Block: Shield            |    48 |    67 |   176 |   677 |   173 ||  1141
       Reflection        |       |       |       |    10 |    14 ||    24
       Buckler           |       |       |       |       |   149 ||   149
       Rpst.: Long sword |    11 |     8 |    24 |       |       ||    43
       Falchion          |       |       |     2 |    30 |       ||    32
       Demon blade       |       |       |       |     7 |     4 ||    11
       Scimitar          |       |       |       |       |    31 ||    31
